 Dungeon Crawl Stone Soup version 0.22-a0-398-g8bb545f (webtiles) character file.

33 4thArraOfDagon the Magician (level 3, 0/24 HPs)
             Began as a Mummy Fire Elementalist on May 4, 2018.
             Slain by a leopard gecko (3 damage)
             ... on level 3 of the Dungeon.
             The game lasted 00:02:37 (446 turns).

4thArraOfDagon the Magician (MuFE)                   Turns: 446, Time: 00:02:37

Health: 0/24       AC:  7    Str: 11    XL:     3   Next: 12%
Magic:  0/7        EV: 12    Int: 15    God:
Gold:   87         SH:  0    Dex: 12    Spells: 7/8 levels left

rFire    x . .     SeeInvis .   (no weapon)
rCold    + . .     Gourm    .   (no shield)
rNeg     + + +     Faith    .   a - +0 robe
rPois    ∞         Spirit   .   (no helmet)
rElec    .         Reflect  .   (no cloak)
rCorr    .         Harm     .   (no gloves)
MR       .....                  (no boots)
Stlth    ++........             (no amulet)
HPRegen  0.08/turn              c - +5 ring of protection
MPRegen  0.10/turn              (no ring)

@: no status effects
A: no food or potions, fire vulnerability, cold resistance 1, negative energy
resistance 3, torment resistance, unbreathing
a: no special abilities


You were on level 3 of the Dungeon.
You were not hungry.

You visited 1 branch of the dungeon, and saw 3 of its levels.

You collected 87 gold pieces.

Inventory:

Armour
 a - a +0 robe (worn)
Jewellery
 c - a +5 ring of protection (left hand)
Scrolls
 b - 4 scrolls of identify


   Skills:
 - Level 1.5 Dodging
 - Level 1.5 Stealth
 + Level 3.1 Spellcasting
 * Level 1.6 Conjurations
 * Level 2.9 Fire Magic


You had 7 spell levels left.
You knew the following spells:

 Your Spells              Type           Power        Failure   Level  Hunger
a - Flame Tongue          Conj/Fire      #....        8%          1    N/A

Dungeon Overview and Level Annotations

Branches:
Dungeon (3/15)

Altars:


Innate Abilities, Weirdness & Mutations

You do not eat or drink.
Your flesh is vulnerable to fire.
You are immune to poison.
Your flesh is cold resistant. (rC+)
You are immune to negative energy. (rN+++)
You are immune to unholy pain and torment.
You can survive without breathing.


Message History

The kobold barely misses you. The leopard gecko closely misses you.
The kobold closely misses you.
Unknown command.
You hit the kobold but do no damage. The kobold hits you but does no damage.
The leopard gecko barely misses you. The kobold closely misses you.
The kobold barely misses you.
Unknown command.
You barely miss the kobold.
The leopard gecko bites you but does no damage.
The kobold closely misses you. x2; The kobold hits you with a dagger.
* * * LOW HITPOINT WARNING * * *
The leopard gecko bites you.
* * * LOW HITPOINT WARNING * * *
Unknown command.
Unknown command.
You barely miss the kobold. The kobold barely misses you. x2
The kobold hits you with a dagger.
* * * LOW HITPOINT WARNING * * *
The leopard gecko bites you.
You die...

#....# #..#...........#.##..
#....#####..##..##....#.#...%.
#....K.(.....####.........w##.
#....###(.........#..#......#.
###'####..###..#.##..#.#....#.
#####.##......#........#.####.#.
#.....w.....#.#######.##.# #..#.
#............wKK# g. .# #.##.
#...........###@# #w..K
#.!.........wgKl# #..$...
#..........(###K...# #........
#...........# #.....# ###......
#........g..# #.....# [.......
#.$.........# #.....# #.#......
#####.....### #.....# #S.....##
####### #.....# ######.# .....#


You could see a worm, a dart slug, a leopard gecko, a goblin and 4 kobolds.

Vanquished Creatures
  2 adders (D:3)
  A leopard gecko (D:3)
  A ball python (D:1)
  A giant cockroach (D:1)
  A goblin (D:1)
  3 hobgoblins (D:1)
  2 bats (D:1)
  A frilled lizard (D:3)
  A kobold (D:3)
  2 rats
15 creatures vanquished.

Notes
Turn   | Place    | Note
-------+----------+-------------------------------------------
     0 | D:1      | 4thArraOfDagon the Mummy Fire Elementalist began the quest for the Orb.
     0 | D:1      | Reached XP level 1. HP: 13/13 MP: 4/4
    56 | D:1      | Reached skill level 1 in Conjurations
   174 | D:1      | Reached XP level 2. HP: 18/19 MP: 3/5
   380 | D:3      | Reached skill level 3 in Spellcasting
   418 | D:3      | Reached XP level 3. HP: 17/24 MP: 0/7
   446 | D:3      | Slain by a leopard gecko

Vault maps used:
D:1:      denvon_arrival_waterhouse
D:2:      kennysheep_small_spiral
D:3:      minmay_wonky_spiral, minmay_close_crescents

Skill      XL: |  1  2 |
---------------+-------+-----
Conjurations   | 1 |  1.6
Spellcasting   | 3 |  3.1
Dodging        | |  1.5
Stealth        | |  1.5
Fire Magic     | |  2.9

Action                   || total
-------------------------++-------
Melee: Unarmed           ||     9
 Cast: Flame Tongue      ||    28
  Use: Scroll            ||     1
Armor: Robe              ||    26
Dodge: Dodged            ||    58

Table legend:
 A = Spawn XP
 B = Non-spawn XP
 C = Spawn XP percentage of total XP
 D = Spawn monster count
 E = Non-spawn monster count
 F = Spawn count percentage of total count
 G = Total turns spent on level
                    A         B        C        D         E        F      G
               +---------+---------+-------+---------+---------+-------+---------
         Total |       0 |      48 |   0.0 |       0 |      15 |   0.0 |   446
               +---------+---------+-------+---------+---------+-------+---------
           D:1 |       0 |      16 |   0.0 |       0 |       9 |   0.0 |   254
           D:3 |       0 |      32 |   0.0 |       0 |       6 |   0.0 |   154
               +---------+---------+-------+---------+---------+-------+---------
